Workbook
Name \0: #REF!
Name \0: #REF!
Name \00: #REF!
Name \00: #REF!
Name \a: #REF!
Name \AA: [1]LIQUIDACION!#REF!
Name \b: [2]STRSUMM0!#REF!
Name \bb: [2]STRSUMM0!#REF!
Name \E: #REF!
Name \EE: #REF!
Name \G: #REF!
Name \k: '[3]7422CW00'!#REF!
Name \l: [4]STRSUMM0!#REF!
Name \M: #REF!
Name \ñ: '[5]7422CW00'!#REF!
Name \P: #REF!
Name \R: #REF!
Name \s: #REF!
Name \V: #REF!
Name \X: 'A.U % '!ERR
Name \X: [0]!ERR
Name \Z: 'A.U % '!ERR
Name \Z: [0]!ERR
Name _________AFC1: [6]INV!$A$25:$D$28
Name _________AFC1: [7]INV!$A$25:$D$28
Name _________AFC3: [6]INV!$F$25:$I$28
Name _________AFC3: [7]INV!$F$25:$I$28
Name _________AFC5: [6]INV!$K$25:$N$28
Name _________AFC5: [7]INV!$K$25:$N$28
Name _________BGC1: [6]INV!$A$5:$D$8
Name _________BGC1: [7]INV!$A$5:$D$8
Name _________BGC3: [6]INV!$F$5:$I$8
Name _________BGC3: [7]INV!$F$5:$I$8
Name _________BGC5: [6]INV!$K$5:$N$8
Name _________BGC5: [7]INV!$K$5:$N$8
Name _________CAC1: [6]INV!$A$19:$D$22
Name _________CAC1: [7]INV!$A$19:$D$22
Name _________CAC3: [6]INV!$F$19:$I$22
Name _________CAC3: [7]INV!$F$19:$I$22
Name _________CAC5: [6]INV!$K$19:$N$22
Name _________CAC5: [7]INV!$K$19:$N$22
Name _________PJ50: #REF!
Name _________PJ50: #REF!
Name _________SBC1: [6]INV!$A$12:$D$15
Name _________SBC1: [7]INV!$A$12:$D$15
Name _________SBC3: [6]INV!$F$12:$I$15
Name _________SBC3: [7]INV!$F$12:$I$15
Name _________SBC5: [6]INV!$K$12:$N$15
Name _________SBC5: [7]INV!$K$12:$N$15
Name ________AFC1: [6]INV!$A$25:$D$28
Name ________AFC1: [7]INV!$A$25:$D$28
Name ________AFC3: [6]INV!$F$25:$I$28
Name ________AFC3: [7]INV!$F$25:$I$28
Name ________AFC5: [6]INV!$K$25:$N$28
Name ________AFC5: [7]INV!$K$25:$N$28
Name ________BGC1: [6]INV!$A$5:$D$8
Name ________BGC1: [7]INV!$A$5:$D$8
Name ________BGC3: [6]INV!$F$5:$I$8
Name ________BGC3: [7]INV!$F$5:$I$8
Name ________BGC5: [6]INV!$K$5:$N$8

Sheet Desglose
A1: CÓDIGO | B1: DESCRIPCIÓN | C1: UNIDAD | D1: CANTIDAD | E1: PRECIO PESO | F1: TOTAL PESO
A2: 1 | B2: PARQUE EDUCATIVO
A3: 1.01 | B3: DEMOLICIONES Y DESMONTES
A4: 1.01.001 | B4: Demolición divisiones en DryWall | C4: M2 | D4: 50 | E4: =+APU!F32 -> 23771.88 | F4: =D4*E4 -> 1188594
A5: 1.01.002 | B5: Desmonte de ventana metálicas o de madera | C5: M2 | D5: 10 | E5: =+APU!F67 -> 9315 | F5: =D5*E5 -> 93150
A6: 1.01.003 | B6: Desmonte de tanque de almacenamiento de agua y tubería. | C6: und | D6: 1 | E6: =+APU!F102 -> 626252.2 | F6: =D6*E6 -> 626252.2
A7: 1.02 | B7: PISOS
A8: 1.02.001 | B8: Placa de contrapiso en concreto de 20,7 Mpa e = 0,10 m | C8: M2 | D8: 30 | E8: =+APU!F144 -> 84494.371 | F8: =D8*E8 -> 2534831.1
A9: 1.02.002 | B9: Malla electrosoldada 0.15*0.15m 4mm en ambos sentidos (incluye alambre negro, colocación y traslapo). | C9: Kg | D9: 30 | E9: =+APU!F178 -> 7566.57 | F9: =D9*E9 -> 226997.1
A10: 1.03 | B10: MAMPOSTERÍA
A11: 1.03.001 | B11: Muro en bloque de cemento de 0,14x0,19x0,39 | C11: M2 | D11: 47.53 | E11: =+APU!F213 -> 93767.5 | F11: =D11*E11 -> 4456769.3
A12: 1.03.002 | B12: Muro en panel de yeso 1/2" 2 caras incluye pintura | C12: M2 | D12: 69.34 | E12: =+APU!F255 -> 109043.21 | F12: =D12*E12 -> 7561056.2
A13: 1.03.003 | B13: Muro en placa de fibrocemento e=8 mm similar 1 cara incluye pintura | C13: M2 | D13: 20 | E13: =+APU!F296 -> 87405 | F13: =D13*E13 -> 1748100
A14: 1.03.004 | B14: Revoque muro incluye dilataciones y filos | C14: M2 | D14: 85.54 | E14: =+APU!F331 -> 27859.01 | F14: =D14*E14 -> 2383059.7
A15: 1.03.005 | B15: Estuco y pintura muros 3 manos | C15: M2 | D15: 137.9 | E15: =+APU!F366 -> 40778 | F15: =D15*E15 -> 5623286.2
A16: 1.04 | B16: CUBIERTA
A17: 1.04.001 | B17: Techo en teja thermoacustic, incluye todos los elementos necesarios para su correcta instalación | C17: M2 | D17: 25 | E17: =+APU!F404 -> 86913.901 | F17: =D17*E17 -> 2172847.5
A18: 1.04.002 | B18: Cielo falso en panel de yeso, Incluye pintura | C18: M2 | D18: 25 | E18: =+APU!F447 -> 102712.35 | F18: =D18*E18 -> 2567808.9
A19: 1.04.003 | B19: Recorrido de canales, incluye reacomodación de la canal, reacomodación de soportes y limpieza | C19: M | D19: 50 | E19: =+APU!F481 -> 8235.7 | F19: =D19*E19 -> 411785
A20: 1.04.004 | B20: Recorrido de techos de fibrocemento, incluye reacomodación de tejas, limpieza, reparación de amarras y/o ganchos. | C20: M2 | D20: 100 | E20: =+APU!F515 -> 8299.595 | F20: =D20*E20 -> 829959.5
A21: 1.05 | B21: CERRAJERÍA
A22: 1.05.001 | B22: Reinstalación puerta, Incluye todo lo necesario para su correcta instalación | C22: Un | D22: 6 | E22: =+APU!F549 -> 367075 | F22: =D22*E22 -> 2202450
A23: 1.05.002 | B23: Puerta en lámina C 20 0,80 x 2,05 m, incluye anticorrosivo, pintura, chapa portón, manija y tope | C23: Un | D23: 1 | E23: =+APU!F590 -> 588170 | F23: =D23*E23 -> 588170
A24: 1.05.003 | B24: Cerramiento en tubería galvanizada, muro a la vista, malla eslabonada, incluye excavación, machones en concreto de 20,7 Mpa (3.000 psi), zarpas en concreto ciclópeo, alfajía reforzada y pintura transparente protectora | C24: M | D24: 14.5 | E24: =+APU!F635 -> 287724.97 | F24: =D24*E24 -> 4172012.1
A25: 1.06 | B25: INSTALACIONES ELÉCTRICAS
A26: 1.06.001 | B26: Salida toma doble polo a tierra cable Cu # 12 THHN AWG, tubería conduit EMT 3/4" longitud promedio 6 m | C26: Un | D26: 18 | E26: =+APU!F678 -> 233825 | F26: =D26*E26 -> 4208850
A27: 1.06.002 | B27: Suministro, transporte e instalación de aire acondicionado 18.000 BTU, incluye instalación electrica 220 y todo lo necesario para su correcta instalación | C27: und | D27: 2 | E27: =+APU!F722 -> 3754180 | F27: =D27*E27 -> 7508360
A28: 1.07 | B28: OBRAS COMPLEMENTARIAS
A29: 1.07.001 | B29: Gaviónes de Malla de Alambre de Acero Entrelazado Clase 1; recubrimiento de Zinc (galvanizado) | C29: M3 | D29: 14 | E29: =+APU!F760 -> 292655 | F29: =D29*E29 -> 4097170
A30: 1.07.002 | B30: Lleno con piedra, incluye transporte | C30: M3 | D30: 7.5 | E30: =+APU!F794 -> 184008 | F30: =D30*E30 -> 1380060
A31: 1.07.003 | B31: Caja de inspección de 0,50 x 0,50 x 0,50 m en concreto de 17,2 Mpa, tapa reforzada en concreto de 20,7 Mpa | C31: Un | D31: 1 | E31: =+APU!F834 -> 270163.6 | F31: =D31*E31 -> 270163.6
A32: 1.07.004 | B32: Canal 0.30*0.25m en concreto de 20,7 Mpa | C32: M3 | D32: 0.3 | E32: =+APU!F874 -> 1424308.5 | F32: =D32*E32 -> 427292.55
A33: 1.07.005 | B33: Poda de árboles | C33: und | D33: 3 | E33: =+APU!F908 -> 490600 | F33: =D33*E33 -> 1471800
A34: 2 | B34: COLISEO DE BUGA
A35: 2.01 | B35: CERRAMIENTO
A36: 2.01.001 | B36: Viga apoyada concreto 20,7 Mpa (3000 psi) | C36: M3 | D36: 6.6 | E36: =+APU!F954 -> 1144651.6 | F36: =D36*E36 -> 7554700.7
A37: 2.01.002 | B37: Cerramiento en tubería galvanizada h = 6 m, muro a la vista, malla eslabonada, tubo cerramiento galvanizado, refuerzos para vientos, incluye columnetas reforzadas en concreto de 20,7 Mpa (3.000 psi), alfajía reforzada. | C37: M | D37: 157.2 | E37: =+APU!F1008 -> 555743.9 | F37: =D37*E37 -> 87362941
A38: 2.01.003 | B38: Demolición Placa de concreto | C38: M2 | D38: 14.64 | E38: =+APU!F1042 -> 17820 | F38: =D38*E38 -> 260884.8
A39: 2.01.004 | B39: Acero Fy = 60.000 psi d>1/4" | C39: Kg | D39: 481 | E39: =+APU!F1077 -> 7511.97 | F39: =D39*E39 -> 3613257.6
A40: 2.01.005 | B40: Corte de piso en Concreto con cortadora autopropulsada | C40: M | D40: 73.2 | E40: =+APU!F1112 -> 6562.32 | F40: =D40*E40 -> 480361.82
A41: 2.02 | B41: PORTÓN ACCESO
A42: 2.02.001 | B42: Suministro, transporte e instalación de portón de 2.20m de ancho x 2.20m de alto incluye todo lo necesario para su correcta instalación | C42: und | D42: 3 | E42: =+APU!F1150 -> 2579431.5 | F42: =D42*E42 -> 7738294.5
A43: 2.02.002 | B43: Suministro, transporte e instalación de portón de 1.20m de ancho x 2.20m de alto, incluye todo lo necesario para su correcta instalación | C43: und | D43: 1 | E43: =+APU!F1188 -> 1289715.8 | F43: =D43*E43 -> 1289715.8
A44: 2.03 | B44: INTALACIONES ELÉCTRICAS
A45: 2.03.001 | B45: Suministro, transporte e instalación de reflector de 200w, incluye soportes cable encauchetado 3x12 AWG y todo lo necesario para su correcta instalación | C45: Un | D45: 16 | E45: =+APU!F1224 -> 548680 | F45: =D45*E45 -> 8778880
A46: 2.03.002 | B46: Tablero Bifásico 8 circuitos con Barrajes de 125 A, Barrajes de Neutro y tierra, chapa. Incluye una protección de 2x20 A 10 KA y una protección de 1x20 A 10 KA. incluye gabinete y/o caja de seguridad | C46: Un | D46: 1 | E46: =+APU!F1267 -> 591366.5 | F46: =D46*E46 -> 591366.5
A47: 2.04 | B47: PLACA POLIDEPORTIVAS
A48: 2.04.001 | B48: Soportes integrados Baloncesto y microfutbol | C48: und | D48: 2 | E48: =+APU!F1301 -> 4230300 | F48: =D48*E48 -> 8460600
A49: 2.04.002 | B49: Suministro, transporte e instalación de pintura para canchas | C49: m2 | D49: 1522 | E49: =+APU!F1336 -> 30589 | F49: =D49*E49 -> 46556458
A50: 2.04.003 | B50: Demarcación de juegos de voleibol, baloncesto y microfutbol | C50: jgs | D50: 2 | E50: =+APU!F1371 -> 2053634 | F50: =D50*E50 -> 4107268
A51: 2.04.004 | B51: Arquería de microfutbol | C51: und | D51: 2 | E51: =+APU!F1405 -> 3157310 | F51: =D51*E51 -> 6314620
A52: SUBTOTAL | B52: TOTAL | C52: TOTAL | D52: TOTAL | E52: TOTAL | F52: =SUM(F2:F51) -> 2.4186017e+08
A53: ADMINISTRACIÓN | E53: =+'A.U % '!F23 -> 0.25 | F53: =+F52*E53 -> 60465043
A54: UTILIDAD | E54: =+'A.U % '!F25 -> 0.05 | F54: =+F52*E54 -> 12093009
A55: TOTAL | F55: =+F52+F53+F54 -> 3.1441823e+08

Sheet APU
A1: CÓDIGO | B1: 1.01.001 | E1: UNIDAD | F1: M2
A2: DESCRIPCIÓN | B2: Demolición divisiones en DryWall
A4: CÓDIGO | B4: DESCRIPCIÓN | C4: UNIDAD | D4: CANTIDAD | E4: PRECIO | F4: TOTAL
A6: 1 - Mano de Obra
A7: MOB018 | B7: Cuadrilla H 4 Ay (jornal + prestaciones) | C7: Día | D7: 0.0667 | E7: 324000 | F7: =D7*E7 -> 21610.8
E8: TOTAL 1 | F8: =F7 -> 21610.8
A10: 2 - Equipos
A11: EQU0021 | B11: Herramienta menor (% mano obra) | C11: %MO | D11: 0.05 | E11: =+F8 -> 21610.8 | F11: =D11*E11 -> 1080.54
E12: TOTAL 2 | F12: =F11 -> 1080.54
A14: 3 - Materiales
E16: TOTAL 3 | F16: =0 -> 0
A18: 4 - Subcontratos
E20: TOTAL 4 | F20: =0 -> 0
A22: 5 - Otros
A23: MOB0111 | B23: Acarreo horizontal | C23: %MO | D23: 0.05 | E23: =+F8 -> 21610.8 | F23: =D23*E23 -> 1080.54
E24: TOTAL 5 | F24: =F23 -> 1080.54
A27: TOTAL 1 | B27: Mano de Obra | F27: =+VLOOKUP(A27,E5:F26,2,0) -> 21610.8
A28: TOTAL 2 | B28: Equipos | F28: =+VLOOKUP(A28,E5:F26,2,0) -> 1080.54
A29: TOTAL 3 | B29: Materiales | F29: =+VLOOKUP(A29,E6:F27,2,0) -> 0
A30: TOTAL 4 | B30: Subcontratos | F30: =+VLOOKUP(A30,E7:F28,2,0) -> 0
A31: TOTAL 5 | B31: Otros | F31: =+VLOOKUP(A31,E5:F26,2,0) -> 1080.54
A32: TOTAL | B32: TOTAL | F32: =SUM(F27:F31) -> 23771.88
A35: CÓDIGO | B35: 1.01.002 | E35: UNIDAD | F35: M2
A36: DESCRIPCIÓN | B36: Desmonte de ventana metálicas o de madera
A38: CÓDIGO | B38: DESCRIPCIÓN | C38: UNIDAD | D38: CANTIDAD | E38: PRECIO | F38: TOTAL
A40: 1 - Mano de Obra
A41: MOB003 | B41: Ayudante (jornal + prestaciones) | C41: Día | D41: 0.1 | E41: 81000 | F41: =D41*E41 -> 8100
E42: TOTAL 1 | F42: =F41 -> 8100
A44: 2 - Equipos
A45: EQU0021 | B45: Herramienta menor (% mano obra) | C45: %MO | D45: 0.05 | E45: =+F42 -> 8100 | F45: =D45*E45 -> 405
E46: TOTAL 2 | F46: =F45 -> 405
A48: 3 - Materiales
E50: TOTAL 3 | F50: =0 -> 0
A52: 4 - Subcontratos
E54: TOTAL 4 | F54: =0 -> 0
A56: 5 - Otros
A57: EQU0061 | B57: Andamio (% mano obra) | C57: %MO | D57: 0.05 | E57: =+F42 -> 8100 | F57: =D57*E57 -> 405
A58: MOB0111 | B58: Acarreo horizontal | C58: %MO | D58: 0.05 | E58: =+F42 -> 8100 | F58: =D58*E58 -> 405
E59: TOTAL 5 | F59: =F57+F58 -> 810
A62: TOTAL 1 | B62: Mano de Obra | F62: =+VLOOKUP(A62,E40:F61,2,0) -> 8100
A63: TOTAL 2 | B63: Equipos | F63: =+VLOOKUP(A63,E40:F61,2,0) -> 405
A64: TOTAL 3 | B64: Materiales | F64: =+VLOOKUP(A64,E41:F62,2,0) -> 0
A65: TOTAL 4 | B65: Subcontratos | F65: =+VLOOKUP(A65,E42:F63,2,0) -> 0
A66: TOTAL 5 | B66: Otros | F66: =+VLOOKUP(A66,E40:F61,2,0) -> 810
A67: TOTAL | B67: TOTAL | F67: =SUM(F62:F66) -> 9315
A70: CÓDIGO | B70: 1.01.003 | E70: UNIDAD | F70: und
A71: DESCRIPCIÓN | B71: Desmonte de tanque de almacenamiento de agua y tubería.
A73: CÓDIGO | B73: DESCRIPCIÓN | C73: UNIDAD | D73: CANTIDAD | E73: PRECIO | F73: TOTAL
A75: 1 - Mano de Obra
A76: MOB015 | B76: Cuadrilla E 1 Of + 1 Ay (jornal + prestaciones) | C76: Día | D76: 2 | E76: 223000 | F76: =D76*E76 -> 446000
E77: TOTAL 1 | F77: =F76 -> 446000
A79: 2 - Equipos
A80: EQU0021 | B80: Herramienta menor (% mano obra) | C80: %MO | D80: 0.05 | E80: =+F77 -> 446000 | F80: =D80*E80 -> 22300
E81: TOTAL 2 | F81: =F80 -> 22300
A83: 3 - Materiales
E85: TOTAL 3 | F85: =0 -> 0
A87: 4 - Subcontratos
E89: TOTAL 4 | F89: =0 -> 0
A91: 5 - Otros
A92: EQU0291 | B92: Manejo de tubería y tanque | C92: %MO | D92: 135652.2 | E92: 1 | F92: =D92*E92 -> 135652.2
A93: MOB0111 | B93: Acarreo horizontal | C93: %MO | D93: 0.05 | E93: =+F77 -> 446000 | F93: =D93*E93 -> 22300
E94: TOTAL 5 | F94: =F92+F93 -> 157952.2
A97: TOTAL 1 | B97: Mano de Obra | F97: =+VLOOKUP(A97,E75:F96,2,0) -> 446000
A98: TOTAL 2 | B98: Equipos | F98: =+VLOOKUP(A98,E75:F96,2,0) -> 22300
A99: TOTAL 3 | B99: Materiales | F99: =+VLOOKUP(A99,E76:F97,2,0) -> 0
A100: TOTAL 4 | B100: Subcontratos | F100: =+VLOOKUP(A100,E77:F98,2,0) -> 0
A101: TOTAL 5 | B101: Otros | F101: =+VLOOKUP(A101,E75:F96,2,0) -> 157952.2
A102: TOTAL | B102: TOTAL | F102: =SUM(F97:F101) -> 626252.2
A105: CÓDIGO | B105: 1.02.001 | E105: UNIDAD | F105: M2
A106: DESCRIPCIÓN | B106: Placa de contrapiso en concreto de 20,7 Mpa e = 0,10 m
A108: CÓDIGO | B108: DESCRIPCIÓN | C108: UNIDAD | D108: CANTIDAD | E108: PRECIO | F108: TOTAL
A110: 1 - Mano de Obra
A111: MOB005 | B111: Cuadrilla A 1 Of + 4 Ay (jornal + prestaciones) | C111: Día | D111: 0.0556 | E111: 466000 | F111: =D111*E111 -> 25909.6
A112: MOB013 | B112: Cuadrilla C 1 Of + 7 Ay (jornal + prestaciones) | C112: Día | D112: 0.0158 | E112: 709768 | F112: =D112*E112 -> 11214.334
E113: TOTAL 1 | F113: =F111+F112 -> 37123.934
A115: 2 - Equipos
A116: EQU0021 | B116: Herramienta menor (% mano obra) | C116: %MO | D116: 0.05 | E116: =+F113 -> 37123.934 | F116: =D116*E116 -> 1856.1967
A117: EQU003 | B117: Concretadora gasolina 1 o 1 1/2 sacos | C117: Día | D117: 0.0105 | E117: 90000 | F117: =D117*E117 -> 945
E118: TOTAL 2 | F118: =F116+F117 -> 2801.1967
A120: 3 - Materiales
A121: MAT,039 | B121: Antisol blanco | C121: Kg | D121: 0.206 | E121: 0 | F121: =D121*E121 -> 0
A122: MAT,040 | B122: Arena | C122: M3 | D122: 0.0595 | E122: 70000 | F122: =D122*E122 -> 4165
A123: MAT,068 | B123: Cemento gris saco por 50 kilos, incluye cargue, descargue y transporte | C123: Sc | D123: 0.7571 | E123: 32000 | F123: =D123*E123 -> 24227.2
A124: MAT,333 | B124: Puntilla (promedio) | C124: Lb | D124: 0.07 | E124: 8500 | F124: =D124*E124 -> 595
A125: MAT,368 | B125: Tabla para formaleta de 1" x 10" x 2,9 m | C125: M | D125: 0.6667 | E125: 9000 | F125: =D125*E125 -> 6000.3
A126: MAT,410 | B126: Triturado | C126: M3 | D126: 0.0908 | E126: 70000 | F126: =D126*E126 -> 6356
A127: MAT,487 | B127: Varillón de sajo 3x3 | C127: M | D127: 0.6667 | E127: 4000 | F127: =D127*E127 -> 2666.8
E128: TOTAL 3 | F128: =F121+F122+F123+F124+F125+F126+F127 -> 44010.3
A130: 4 - Subcontratos
E132: TOTAL 4 | F132: =0 -> 0
A134: 5 - Otros
A135: 2 - % Mano de Obra | B135: ACARREO INTERNO | C135: % | D135: 0.05 | E135: =+F113 -> 37123.934 | F135: 558.94
E136: TOTAL 5 | F136: =F135 -> 558.94
A139: TOTAL 1 | B139: Mano de Obra | F139: =+VLOOKUP(A139,E113:F138,2,0) -> 37123.934
A140: TOTAL 2 | B140: Equipos | F140: =+VLOOKUP(A140,E117:F138,2,0) -> 2801.1967
A141: TOTAL 3 | B141: Materiales | F141: =+VLOOKUP(A141,E118:F139,2,0) -> 44010.3
A142: TOTAL 4 | B142: Subcontratos | F142: =+VLOOKUP(A142,E119:F140,2,0) -> 0
A143: TOTAL 5 | B143: Otros | F143: =+VLOOKUP(A143,E117:F138,2,0) -> 558.94
A144: TOTAL | B144: TOTAL | F144: =SUM(F139:F143) -> 84494.371
A147: CÓDIGO | B147: 1.02.002 | E147: UNIDAD | F147: Kg
...

Sheet A.U % 
A1: CALCULO DETALLADO DEL VALOR PORCENTUAL DEL A.U.
A4: Duración estimada del Proyecto en meses | F4: 2.5
A5: Costo directo total del Proyecto | F5: =+Desglose!F52 -> 2.4186017e+08
A6: A.U. Asumido para el cálculo | B6: 0.3 | F6: =ROUND((F5)*B6,0) -> 72558052
A7: Valor total estimado del Proyecto | F7: =SUM(F5:F6) -> 3.1441823e+08
A8: DESCRIPCION | B8: UNIDAD | C8: CANTIDAD | D8: VR UNITARIO | E8: DEDICACIÒN Y/O PORCENTAJE DE UTILIZACIÓN | F8: VR. TOTAL
A9: GASTOS ARRENDAMIENTO Y OFICINA
A10: Transportes | B10: Mes | C10: 2.5 | D10: 1000000 | E10: 1 | F10: =+ROUND(D10*C10*E10,0) -> 2500000
A11: Arrendamiento Almacén | B11: Mes | C11: 0 | D11: 150000 | E11: 1 | F11: =+ROUND(D11*C11*E11,0) -> 0
A12: GASTOS DE LEGALIZACIÓN E IMPUESTOS
A13: Póliza de Cumplimiento | B13: % | C13: 0.002 | D13: =+$F$7 -> 3.1441823e+08 | E13: 1 | F13: =+ROUND(D13*C13*E13,0) -> 628836
A14: Póliza calidad del servicio | B14: % | C14: 0.002 | D14: =+$F$7 -> 3.1441823e+08 | E14: 1 | F14: =+ROUND(D14*C14*E14,0) -> 628836
A15: Póliza de Salarios y Prestaciones Sociales | B15: % | C15: 0.0005 | D15: =+$F$7 -> 3.1441823e+08 | E15: 1 | F15: =+ROUND(D15*C15*E15,0) -> 157209
A16: Póliza de Estabilidad | B16: % | C16: 0.002 | D16: =+$F$7 -> 3.1441823e+08 | E16: 1 | F16: =+ROUND(D16*C16*E16,0) -> 628836
A17: Póliza de Responsabilidad Civil | B17: % | C17: 0.0012 | D17: =+$F$7 -> 3.1441823e+08 | E17: 1 | F17: =+ROUND(D17*C17*E17,0) -> 377302
A18: Estampillas municipales | B18: % | C18: 0.145 | D18: =+$F$7 -> 3.1441823e+08 | E18: 1 | F18: =+ROUND(D18*C18*E18,0) -> 45590643
A19: PERSONAL TÉCNICO
A20: Ingeniero Residente (Con Prestac. Sociales) | B20: Mes | C20: 2.5 | D20: =+E35 -> 5600000 | E20: 0.5 | F20: =+ROUND(D20*C20*E20,0) -> 7000000
A21: Residente SG-SST | B21: Mes | C21: 2.5 | D21: 4000000 | E21: 0.2 | F21: =+ROUND(D21*C21*E21,0) -> 2000000
A22: Valor total de los Costos de Legalización y Administración | F22: =SUM(F10:F21) -> 59511662
A23: Valor porcentual de la Legalización y Administración | F23: =ROUNDUP((F22/F5),2) -> 0.25
A24: Valor porcentual de los Imprevistos | F24: 0
A25: Valor porcentual de la Utilidad estimada | F25: 0.05
A27: Valor Total porcentual del A.U. | F27: =SUM(F23:F26) -> 0.3
A32: SMMLV AÑO 2022 | B32: 1000000
A34: CARGO | B34: CANTIDAD SMMLV | C34: VALOR SALARIO | D34: % PRESTACIONES | E34: VALOR TOTAL
A35: INGENIERO DIRECTOR | B35: =C35/$B$32 -> 3.5 | C35: 3500000 | D35: 1.6 | E35: =+D35*C35 -> 5600000
A36: INGENIERO RESIDENTE | B36: =C36/$B$32 -> 2.1 | C36: 2100000 | D36: 1.6 | E36: =+D36*C36 -> 3360000
